 Dungeon Crawl Stone Soup version 0.25-a0-194-gece1257 (webtiles) character file.

Game seed: 7783639792917026151, levelgen mode: deterministic

27 CanOfBees the Caller (level 3, 0/20 HPs)
             Began as a Tengu Summoner on Nov 30, 2019.
             Succumbed to a worker ant's poison
             ... on level 2 of the Dungeon.
             The game lasted 00:02:42 (1788 turns).

CanOfBees the Caller (Tengu Summoner)               Turns: 1788, Time: 00:02:43

Health: 0/20       AC:  2    Str:  8    XL:     3   Next: 10%
Magic:  2/7        EV: 12    Int: 16    God:
Gold:   66         SH:  0    Dex: 14    Spells: 3/6 levels left

rFire    . . .     SeeInvis .   j - +0 spear
rCold    . . .     Gourm    .   (no shield)
rNeg     . . .     Faith    .   a - +0 robe
rPois    .         Spirit   .   (helmet restricted)
rElec    .         Reflect  .   (no cloak)
rCorr    .         Harm     .   (no gloves)
MR       .....                  (boots unavailable)
Stlth    +.........             (no amulet)
HPRegen  0.06/turn              (no ring)
MPRegen  0.10/turn              (no ring)

@: lethally poisoned (0 -> -6), very slow
A: beak, talons 3
a: no special abilities


You were on level 2 of the Dungeon.
You were hungry.

You visited 1 branch of the dungeon, and saw 2 of its levels.

You collected 66 gold pieces.

Inventory:

Hand Weapons
 j - a +0 spear (weapon)
Missiles
 b - 78 stones (quivered)
 g - 15 arrows
Armour
 a - a +0 robe (worn)
Scrolls
 e - a scroll of remove curse {unknown}
Potions
 d - a potion of agility {unknown}
 h - 2 potions of might {unknown}
 i - a potion of lignification {unknown}
Comestibles
 c - a ration
 f - a chunk of flesh


   Skills:
 + Level 1.2 Fighting
 - Level 2.1 Dodging
 - Level 2.0 Stealth
 + Level 2.4 Spellcasting
 + Level 5.2 Summonings


You had 3 spell levels left.
You knew the following spells:

 Your Spells              Type           Power        Failure   Level  Hunger
a - Summon Small Mammal   Summ           ###.         2%          1    #......
b - Call Imp              Summ           ###.....     3%          2    ###....

Your spell library contained the following spells:

 Spells                   Type           Power        Failure   Level  Hunger
 Call Canine Familiar     Summ           ###.....     7%          3    ###....
 Summon Guardian Golem    Hex/Summ       ##......     21%         3    ###....
 Summon Ice Beast         Ice/Summ       ##......     54%         4    #####..
 Summon Lightning Spire   Summ/Air       ##......     54%         4    #####..


Dungeon Overview and Level Annotations

Branches:
Dungeon (2/15)

Altars:
Hepliaklqana
Makhleb


Innate Abilities, Weirdness & Mutations

You have a beak for a mouth.
You have claws for feet.


Message History

Your crimson imp closely misses the worker ant.
The worker ant bites you!
You are poisoned.
The worker ant poisons you!
You feel sick.
You swap places.
You enter the shallow water.
Moving in this stuff is going to be slow.
You feel sick.
The worker ant barely misses your crimson imp.
Your crimson imp barely misses the worker ant.
Your crimson imp blinks!
You feel sick.
The worker ant splashes around in the water.
You barely miss the worker ant. You peck the worker ant.
The worker ant is lightly wounded.
The worker ant bites you.
* * * LOW HITPOINT WARNING * * *
Your crimson imp closely misses the worker ant.
Your unstable footing causes you to fumble your attack.
You die...

#....≈#..(.....#
#....≈##..#
#...≈≈≈#..####
#...#≈≈##.÷..#
...####+##≈≈####5#
...#### #≈≈# #5#
....... ##≈# #5#
....... #≈## #a#
....... #≈≈# #@#
....... #≈≈# #≈##
...#.. ####≈≈#
#≈≈# .#....
#≈#≈≈## #≈≈# ....#
#≈#≈≈####≈≈#
....#.
#≈≈≈###≈##≈#
.#.....#≈≈≈#
#≈##≈#
.......##≈≈#
#≈##≈# .......
##≈# #≈##≈#


You could see a worker ant and 3 friendly crimson imps.

Vanquished Creatures
  A dart slug (D:1)
  A ball python (D:2)
  2 goblins (D:1)
  A hobgoblin (D:1)
  2 jackals (D:2)
  2 frilled lizards (D:1)
  A kobold (D:1)
10 creatures vanquished.

Vanquished Creatures (collateral kills)
  An adder (D:1)
  A dart slug (D:1)
  3 bats (D:1)
  2 goblins
  3 hobgoblins (D:1)
  A frilled lizard (D:1)
11 creatures vanquished.

Grand Total: 21 creatures vanquished

Notes
Turn   | Place    | Note
-------+----------+-------------------------------------------
     0 | D:1      | CanOfBees the Tengu Summoner began the quest for the Orb.
     0 | D:1      | Reached XP level 1. HP: 10/10 MP: 4/4
   777 | D:1      | Reached skill level 5 in Summonings
   835 | D:1      | Reached XP level 2. HP: 16/16 MP: 3/6
   987 | D:1      | Learned a level 2 spell: Call Imp
  1069 | D:1      | You fall into a shaft and drop 1 floor!
  1088 | D:2      | Reached skill level 1 in Fighting
  1576 | D:1      | Reached XP level 3. HP: 16/20 MP: 2/7
  1641 | D:2      | Found a burning altar of Makhleb.
  1642 | D:2      | Found a hazy altar of Hepliaklqana.
  1787 | D:2      | HP: 1/20 [worker ant (6)]
  1788 | D:2      | Succumbed to a worker ant's poison

Levels and vault maps discovered:
D:1:      matt_arrival_grand_opening, layout_basic, st_stairs_10
D:2:      layout_basic, nicolae_dithmenos_shadow_blocks,
          grunt_temple_overflow_open, serial_rivers,
          chequers_serial_rivers_small_b, chequers_serial_rivers_micro_a,
          chequers_serial_rivers_room_b, chequers_serial_rivers_large_b,
          minmay_misc_feat_plants

Skill      XL: |  1  2 |
---------------+-------+-----
Summonings     | 5 |  5.2
Fighting       | 1 |  1.2
Dodging        | |  2.1
Stealth        | |  2.0
Spellcasting   | |  2.4

Action                   || total
-------------------------++-------
Melee: Unarmed           ||    24
       Kick              ||    15
       Peck              ||     8
       Spear             ||    17
Throw: Stone             ||     5
 Cast: Summon Small Mamm ||    19
       Call Imp          ||    10
 Stab: Sleeping          ||     1
  Eat: Chunk             ||     3
Armor: Robe              ||     7
Dodge: Dodged            ||    39

Table legend:
 A = Non-vault XP
 B = Vault XP
 C = Vault XP percentage of total XP
 D = Non-vault monster count
 E = Vault monster count
 F = Vault count percentage of total count
                 A         B        C        D         E       F
            +---------+---------+-------+---------+---------+-------
      Total |      31 |       8 |  20.5 |      17 |       4 |  19.0
            +---------+---------+-------+---------+---------+-------
        D:1 |      24 |       8 |  25.0 |      13 |       4 |  23.5
        D:2 |       7 |       0 |   0.0 |       4 |       0 |   0.0
            +---------+---------+-------+---------+---------+-------
